Map: Distant Plane

Players

Slenderfisch - Winner!

  • Race: Protoss Protoss
  • League: Platinum
  • Spawn Location: 7:00

Commander - Winner!

  • Race: Protoss Protoss
  • League: Gold
  • Spawn Location: 7:00

Musumeci

  • Race: Zerg Zerg
  • League: Diamond
  • Spawn Location: 1:00

MichyMoko

  • Race: Zerg Zerg
  • Spawn Location: 1:00

VOD

Have the link to the VOD?

Description

Time

  • Played on: March 11, 2017, 1:26 p.m.
  • Length: 26:43
Show
View Real Time Build Order
Export as new Build Order

Slenderfisch Protoss - Winner!

Build Orders: Zealot Archon 

Get SALT Encoding   

  12  0:01  Probe (Chrono Boost)  
  13  0:11  Probe (Chrono Boost)  
  14  0:23  Probe (Chrono Boost)  
  15  0:30  Pylon  
  15  0:48  Probe (Chrono Boost)  
  16  0:51  Forge  
  16  0:59  Pylon, Probe (Chrono Boost)  
  17  1:09  Probe (Chrono Boost)  
  17  1:10  Gateway  
  18  1:14  Assimilator  
  18  1:20  Probe (Chrono Boost)  
  19  1:30  Assimilator  
  19  1:31  Probe (Chrono Boost)  
  20  1:42  Probe (Chrono Boost)  
  21  1:58  Gateway, Pylon  
  21  2:00  Gateway  
  21  2:05  Pylon  
  21  2:17  Photon Cannon  
  21  2:27  Photon Cannon  
  21  2:36  Photon Cannon  
  21  2:46  Photon Cannon  
  20  3:08  Zealot x2  
  20  3:09  Zealot  
  26  3:20  Cybernetics Core  
  26  3:35  Zealot  
  26  3:36  Zealot  
  26  3:38  Pylon  
  30  3:56  Zealot  
  30  3:59  Pylon  
  30  4:00  Warp Gate  
  32  4:05  Probe (Chrono Boost)  
  34  4:18  Probe (Chrono Boost)  
  34  4:22  Twilight Council  
  34  4:30  Probe (Chrono Boost)  
  35  4:38  Zealot  
  37  4:41  Zealot  
  39  4:46  Zealot  
  39  4:50  Charge  
  41  5:09  Templar Archives  
  35  5:31  Zealot x2  
  39  5:39  Pylon  
  39  5:43  Gateway  
  39  6:07  High Templar x2  
  39  6:08  Zealot  
  45  6:11  Archon  
  35  6:20  Psionic Storm  
  33  6:40  Zealot  
  33  6:41  Zealot  
  33  6:46  Zealot  
  39  6:47  Nexus  
  39  6:54  Pylon  
  39  7:02  Pylon  
  39  7:06  Probe (Chrono Boost)  
  40  7:14  Forge  
  40  7:25  High Templar x2  
  40  7:28  High Templar  
  46  7:33  Probe (Chrono Boost)  
  47  7:38  Protoss Ground Weapons Level 1  
  48  7:45  Probe (Chrono Boost)  
  48  7:57  Forge, Probe (Chrono Boost)  
  49  8:01  Probe (Chrono Boost)  
  50  8:11  Probe (Chrono Boost)  
  51  8:13  Pylon  
  51  8:20  High Templar  
  51  8:21  Zealot  
  51  8:22  Probe (Chrono Boost)  
  51  8:25  Zealot  
  58  8:29  Probe (Chrono Boost)  
  58  8:32  Probe (Chrono Boost)  
  60  8:39  Zealot  
  62  8:43  Assimilator  
  62  8:48  Photon Cannon  
  63  8:55  Probe (Chrono Boost)  
  63  8:58  Probe (Chrono Boost)  
  63  8:59  Assimilator, Protoss Ground Armor Level 1  
  64  9:06  Probe (Chrono Boost)  
  65  9:14  Zealot x2  
  69  9:22  High Templar x2  
  73  9:26  Probe (Chrono Boost)  
  73  9:28  Probe (Chrono Boost)  
  75  9:36  Probe (Chrono Boost)  
  72  9:40  Probe (Chrono Boost)  
  72  9:43  Zealot x2  
  77  9:58  High Templar x2  
  81  10:01  Protoss Ground Weapons Level 2  
  81  10:02  Archon  
  81  10:12  Pylon  
  81  10:16  Zealot  
  81  10:17  Zealot  
  85  10:26  Nexus  
  85  10:30  Pylon  
  85  10:33  Pylon  
  85  10:35  Mothership Core (Chrono Boost)  
  87  10:43  High Templar x2  
  87  10:44  Zealot  
  87  10:48  Archon  
  93  10:53  Protoss Shields Level 1  
  94  11:12  Probe (Chrono Boost)  
  94  11:21  Zealot  
  94  11:22  Zealot x3  
  94  11:24  Probe (Chrono Boost)  
  103  11:36  Photon Cannon  
  103  11:37  Photon Cannon  
  103  11:57  Protoss Ground Weapons Level 3  
  103  12:06  Probe (Chrono Boost)  
  103  12:07  Photon Cannon  
  104  12:11  Gateway  
  104  12:13  Pylon, Probe (Chrono Boost)  
  105  12:18  Probe (Chrono Boost)  
  105  12:20  High Templar x4  
  114  12:23  Probe (Chrono Boost)  
  114  12:24  Archon  
  114  12:25  Archon  
  114  12:29  Assimilator  
  115  12:34  Probe (Chrono Boost)  
  116  12:52  Gateway  
  116  12:54  Gateway  
  116  12:59  Probe (Chrono Boost)  
  116  13:02  High Templar x2  
  116  13:03  High Templar  
  116  13:04  High Templar  
  125  13:08  Archon x2  
  125  13:10  Assimilator, Probe (Chrono Boost)  
  126  13:16  Zealot  
  112  14:13  Gateway  
  112  14:15  Gateway  
  112  14:17  Blink  
  112  14:18  Gateway  
  112  14:26  High Templar x2  
  112  14:27  High Templar x3  
  112  14:29  Protoss Shields Level 2  
  122  14:32  Archon x2  
  122  14:35  Nexus  
  122  14:40  Protoss Air Weapons Level 1  
  122  14:43  Pylon  
  122  14:44  Pylon  
  122  14:47  Pylon  
  122  14:48  Pylon  
  122  15:00  Stalker x4  
  122  15:01  Stalker  
  126  15:47  Stargate  
  126  15:49  Stargate x2  
  126  15:53  Stalker  
  126  15:54  Zealot  
  126  15:55  Zealot x6  
  126  15:56  Zealot x2  
  140  16:18  Stalker x2  
  140  16:19  Stalker x6  
  140  16:20  Stalker x2  
  140  16:23  Archon x2  
  140  16:24  Archon  
  75  17:09  Void Ray x3  
  75  17:12  Zealot x3  
  75  17:13  Zealot x5  
  75  17:14  Zealot x2  
  101  17:58  Void Ray x3  
  103  18:04  Fleet Beacon  
  103  18:05  Pylon  
  93  18:32  Protoss Air Weapons Level 2  
  93  18:38  Nexus  
  89  18:42  Void Ray x3  
  89  18:43  Pylon  
  89  18:44  Pylon  
  101  19:18  Nexus  
  101  19:20  Photon Cannon  
  101  19:22  Photon Cannon  
  101  19:25  Gateway  
  101  19:30  Gateway, Void Ray x3  
  97  20:17  Zealot x5  
  97  20:18  Zealot  
  105  20:25  Void Ray  
  105  20:26  Void Ray  
  113  20:49  Probe (Chrono Boost)  
  114  20:51  Photon Cannon  
  114  20:54  Photon Cannon  
  114  20:56  Photon Cannon  
  114  20:58  Protoss Air Weapons Level 3  
  114  20:59  Probe (Chrono Boost)  
  115  21:07  Void Ray  
  115  21:10  Probe (Chrono Boost)  
  116  21:35  Pylon  
  116  21:43  Anion Pulse-Crystals  
  116  22:21  High Templar  
  116  22:22  High Templar x5  
  126  22:23  High Templar x3  
  134  22:31  Photon Cannon  
  134  22:34  Assimilator  
  134  22:38  Assimilator  
  134  22:42  Zealot x2  
  138  22:47  Pylon  
  138  22:55  Photon Cannon  
  138  22:58  Photon Cannon  
  138  23:00  Pylon  
  138  23:02  Probe (Chrono Boost)  
  139  23:06  Phoenix  
  139  23:07  Phoenix  
  139  23:12  Probe (Chrono Boost)  
  144  23:18  Archon  
  144  23:19  Archon x3  
  144  23:25  Phoenix  
  146  23:31  Phoenix  
  132  24:21  Phoenix  
  132  24:22  Phoenix x2  
  138  24:46  Phoenix  
  138  24:47  Phoenix x2  
  142  25:36  Zealot x2  
  142  25:37  Zealot x5  
  142  25:38  Zealot x5  
  158  26:00  Nexus  
  154  26:12  Pylon  
  154  26:13  Pylon  
  154  26:24  Pylon  
  154  26:25  Pylon  
Show
View Real Time Build Order
Export as new Build Order

Commander Protoss - Winner!

Build Orders:  

Get SALT Encoding   

  12  0:01  Probe (Chrono Boost)  
  13  0:12  Probe (Chrono Boost)  
  14  0:26  Pylon  
  14  0:30  Probe (Chrono Boost)  
  15  0:44  Gateway, Probe (Chrono Boost)  
  16  0:54  Pylon  
  16  0:55  Probe (Chrono Boost)  
  17  1:06  Probe (Chrono Boost)  
  18  1:16  Probe (Chrono Boost)  
  19  1:24  Gateway  
  19  1:32  Cybernetics Core  
  19  1:43  Probe (Chrono Boost)  
  19  1:47  Assimilator  
  20  1:48  Assimilator  
  20  1:54  Probe (Chrono Boost)  
  21  2:02  Nexus  
  21  2:04  Probe (Chrono Boost)  
  22  2:24  Adept  
  24  2:41  Warp Gate  
  24  2:44  Probe (Chrono Boost)  
  25  2:51  Pylon  
  25  2:56  Probe (Chrono Boost)  
  25  2:57  Pylon  
  26  3:08  Probe (Chrono Boost)  
  28  3:20  Probe (Chrono Boost)  
  28  3:26  Adept, Probe (Chrono Boost)  
  29  3:30  Adept  
  29  3:32  Probe (Chrono Boost)  
  34  3:35  Twilight Council  
  34  3:36  Gateway  
  34  3:37  Probe (Chrono Boost)  
  35  3:44  Probe (Chrono Boost)  
  35  3:47  Gateway  
  36  3:50  Gateway  
  36  3:55  Pylon  
  36  3:59  Resonating Glaives  
  38  4:03  Pylon  
  38  4:04  Mothership Core (Chrono Boost)  
  38  4:07  Pylon  
  38  4:17  Adept  
  40  4:44  Robotics Facility  
  40  4:54  Adept  
  40  4:55  Adept x3  
  40  4:57  Probe (Chrono Boost)  
  40  4:59  Probe (Chrono Boost)  
  50  5:04  Forge  
  50  5:08  Probe (Chrono Boost)  
  50  5:11  Probe (Chrono Boost)  
  52  5:22  Adept x2  
  52  5:23  Adept x2  
  56  5:28  Protoss Ground Weapons Level 1  
  56  5:34  Warp Prism  
  38  6:45  Probe x2 (Chrono Boost)  
  40  6:53  Adept, Gateway  
  40  6:54  Adept x2  
  44  6:55  Adept x2  
  44  6:56  Probe x2 (Chrono Boost)  
  52  7:06  Probe (Chrono Boost)  
  47  7:23  Adept x3  
  47  7:24  Adept x2  
  47  7:25  Probe x2 (Chrono Boost)  
  47  7:28  Immortal  
  61  7:36  Probe x2 (Chrono Boost)  
  59  7:54  Protoss Ground Weapons Level 2  
  57  8:05  Immortal  
  51  8:11  Probe x2 (Chrono Boost)  
  51  8:12  Dark Shrine  
  55  8:13  Assimilator  
  55  8:17  Assimilator  
  55  8:18  Photon Cannon  
  55  8:20  Photon Cannon  
  55  8:21  Probe (Chrono Boost)  
  55  8:26  Photon Cannon  
  56  8:28  Photon Cannon, Pylon  
  56  8:31  Pylon  
  56  8:39  Warp Prism  
  58  8:57  Pylon  
  58  8:58  Pylon  
  58  9:00  Pylon  
  58  9:01  Pylon  
  58  9:03  Pylon  
  58  9:08  Robotics Facility  
  58  9:09  Robotics Bay  
  58  9:16  Pylon  
  59  9:17  Observer, Pylon  
  59  9:40  Dark Templar  
  59  9:41  Dark Templar x4  
  59  9:44  Dark Templar  
  69  9:58  Pylon x2  
  69  10:00  Dark Templar  
  71  10:20  Adept x3  
  77  10:21  Adept  
  77  10:32  Probe (Chrono Boost)  
  77  10:34  Probe (Chrono Boost)  
  79  10:38  Gateway  
  79  10:39  Gateway  
  79  10:41  Gateway  
  79  10:43  Gateway  
  79  10:46  Probe (Chrono Boost)  
  80  10:50  Adept x5  
  80  10:51  Adept  
  76  11:31  Dark Templar  
  76  11:32  Dark Templar x5  
  86  11:44  Immortal x2  
  94  12:22  Immortal  
  76  12:33  Dark Templar x2  
  76  12:34  Dark Templar x2  
  78  12:46  Observer, Observer Gravitic Boosters  
  79  12:53  Nexus  
  79  12:58  Archon x2  
  79  13:00  Adept  
  79  13:01  Adept x4  
  79  13:02  Adept  
  69  14:08  Disruptor x2  
  75  14:17  Adept x4  
  75  14:18  Adept x4  
  75  14:19  Adept, Pylon  
  75  14:20  Pylon  
  93  14:26  Pylon  
  93  14:37  Assimilator  
  93  14:39  Disruptor  
  93  14:40  Assimilator  
  96  14:46  Photon Cannon  
  96  14:48  Photon Cannon  
  96  14:59  Photon Cannon x2  
  96  15:23  Nexus  
  96  15:26  Assimilator  
  94  15:31  Assimilator  
  78  16:01  Stalker x5  
  78  16:02  Stalker x5  
  98  16:05  Blink  
  93  17:10  Stalker x2  
  93  17:11  Stalker x3  
  93  17:12  Stalker x4  
  93  17:14  Stalker  
  75  17:54  Stalker x4  
  83  18:10  Photon Cannon  
  83  18:11  Photon Cannon  
  83  18:15  Photon Cannon  
  83  18:16  Photon Cannon  
  83  18:17  Dark Templar  
  83  18:18  Dark Templar x4  
  66  18:42  Probe (Chrono Boost)  
  66  18:43  Probe (Chrono Boost)  
  66  18:44  Probe x2 (Chrono Boost)  
  64  18:53  Probe x2 (Chrono Boost)  
  68  18:56  Probe x2 (Chrono Boost)  
  68  18:57  Pylon x2  
  48  19:32  Stalker  
  48  19:33  Stalker x5  
  48  19:34  Stalker x4  
  33  20:07  Stalker  
  33  20:08  Stalker x6  
  33  20:09  Stalker  
  19  20:45  Probe x2 (Chrono Boost)  
  19  20:46  Probe (Chrono Boost)  
  19  20:47  Probe (Chrono Boost)  
  23  20:51  Pylon  
  23  20:56  Sentry x2, Probe (Chrono Boost)  
  23  20:57  Sentry x5  
  31  20:58  Sentry, Probe (Chrono Boost)  
  31  20:59  Probe (Chrono Boost)  
  42  21:18  Photon Cannon  
  42  21:21  Pylon  
  42  21:25  Mothership Core (Chrono Boost)  
  44  21:47  Stalker x3  
  46  21:48  Stalker  
  52  22:03  Nexus  
  40  22:45  Adept x2  
  40  22:46  Adept x2, Stalker  
  40  22:47  Stalker x5  
  48  22:57  Pylon  
  48  23:04  Assimilator  
  48  23:06  Probe x2 (Chrono Boost)  
  48  23:07  Assimilator, Probe x2 (Chrono Boost)  
  48  23:10  Sentry  
  48  23:11  Sentry  
  48  23:12  Sentry  
  58  23:14  Sentry  
  60  23:20  Immortal  
  60  23:24  Observer  
  22  23:55  Probe (Chrono Boost)  
  13  24:08  Mothership Core (Chrono Boost)  
  15  24:12  Photon Cannon  
  15  24:14  Photon Cannon  
  15  24:15  Pylon  
  6  24:40  Probe x2 (Chrono Boost)  
  6  24:42  Probe (Chrono Boost)  
  8  26:10  Probe (Chrono Boost)  
  8  26:11  Probe x2 (Chrono Boost)  
  11  26:27  Probe (Chrono Boost)  
  11  26:28  Probe (Chrono Boost)  
  11  26:29  Probe x2 (Chrono Boost)  
Show
View Real Time Build Order
Export as new Build Order

Musumeci Zerg 

Build Orders: Pool First, Zergling Baneling 

Get SALT Encoding   

  12  0:02  Drone  
  13  0:09  Drone  
  14  0:16  Overlord  
  14  0:22  Extractor  
  14  0:24  Drone  
  15  0:37  Drone x2  
  17  0:46  Spawning Pool  
  16  0:51  Drone, Extractor  
  16  0:57  Drone  
  17  1:06  Drone  
  18  1:26  Hatchery  
  17  1:38  Queen  
  19  1:40  Drone  
  20  1:55  Metabolic Boost  
  20  1:58  Drone x2  
  22  2:27  Overlord  
  22  2:37  Zergling x2  
  22  2:38  Zergling x2  
  22  2:42  Zergling x4  
  21  3:11  Drone x6  
  24  3:21  Drone  
  25  3:33  Drone x3  
  28  3:41  Zergling x2, Baneling Nest  
  28  3:51  Drone x2  
  28  3:52  Extractor  
  28  3:54  Queen  
  31  3:59  Overlord  
  31  4:13  Zergling x10  
  36  4:21  Zergling x4  
  38  4:34  Zergling x2  
  38  4:35  Zergling x8  
  43  4:41  Overlord  
  43  4:51  Baneling x10  
  43  4:54  Zergling x2  
  43  4:59  Baneling  
  44  5:00  Baneling x3  
  29  5:32  Drone x3  
  29  5:33  Drone x8  
  40  5:41  Roach Warren  
  39  5:43  Drone x2  
  41  5:55  Zergling x4  
  43  6:00  Baneling x2  
  43  6:05  Spine Crawler  
  43  6:07  Spine Crawler  
  41  6:15  Baneling x4  
  41  6:21  Roach x5  
  43  6:40  Drone x9  
  52  6:55  Overlord x3  
  48  7:37  Roach x8  
  48  7:38  Roach x2  
  61  8:00  Roach  
  61  8:01  Roach x4  
  69  8:10  Queen  
  71  8:32  Extractor  
  70  8:36  Lair  
  70  8:41  Drone x3  
  73  8:43  Drone x3, Extractor  
  73  8:44  Drone  
  73  8:45  Overlord x2  
  76  9:06  Overlord x2  
  76  9:14  Ravager x3  
  79  9:18  Ravager  
  79  9:21  Zergling x12  
  79  9:22  Zergling x4  
  84  9:46  Infestation Pit  
  84  9:50  Spire  
  82  10:05  Extractor  
  82  10:06  Hatchery  
  80  10:07  Drone x3  
  80  10:08  Drone  
  80  10:09  Extractor  
  83  10:17  Drone  
  83  10:18  Drone x2  
  86  10:30  Hive  
  79  11:36  Drone x5  
  78  11:49  Drone x4  
  78  11:52  Drone x2  
  84  11:55  Ravager x2  
  84  11:56  Ravager x9  
  95  12:09  Overseer  
  95  12:14  Overseer  
  69  12:28  Corruptor x2  
  73  12:37  Greater Spire  
  73  12:42  Corruptor  
  73  12:43  Corruptor  
  77  13:03  Corruptor  
  79  13:07  Extractor  
  79  13:09  Hatchery  
  75  13:31  Corruptor  
  75  13:32  Corruptor x4  
  82  13:49  Brood Lord  
  81  13:58  Brood Lord  
  83  14:13  Brood Lord  
  85  14:23  Brood Lord  
  87  14:31  Brood Lord  
  89  14:41  Brood Lord  
  91  14:59  Brood Lord  
  95  15:00  Brood Lord  
  95  15:12  Brood Lord  
  97  15:24  Zergling x12  
  97  15:25  Zergling x22  
  108  16:22  Corruptor x3  
  108  16:24  Overlord x4  
  106  16:53  Extractor  
  90  16:56  Hatchery, Extractor  
  77  17:11  Zergling x28  
  77  17:12  Zergling x12  
  73  17:39  Corruptor x6  
  81  17:53  Roach x2  
  80  18:02  Brood Lord  
  80  18:03  Brood Lord  
  82  18:06  Drone x2  
  82  18:08  Drone  
  85  18:18  Brood Lord x3  
  85  18:19  Brood Lord x2  
  95  18:21  Brood Lord x2  
  99  18:49  Roach x8  
  99  18:50  Roach  
  117  19:14  Mutalisk x6  
  124  19:26  Mutalisk x2  
  100  19:58  Mutalisk x2  
  100  19:59  Mutalisk x3  
  63  20:15  Adrenal Glands  
  63  20:17  Drone  
  48  20:50  Zergling x2  
  48  20:51  Zergling x6  
  52  21:09  Hatchery  
  51  21:17  Mutalisk x3  
  51  21:18  Mutalisk x6  
  65  22:08  Mutalisk x3  
  59  22:16  Zergling x2  
  59  22:17  Zergling x22  
  71  22:30  Roach  
  71  22:31  Roach x2  
  75  22:53  Baneling x9  
  75  23:10  Zergling x26  
  87  23:44  Roach x9  
  77  24:09  Spore Crawler x4  
  71  24:10  Spore Crawler x2  
  71  24:11  Spore Crawler x2  
  71  24:13  Spore Crawler  
  48  24:52  Spore Crawler  
  48  24:54  Spore Crawler x2  
  48  24:56  Spore Crawler  
  44  25:00  Spore Crawler  
  44  25:04  Spore Crawler  
  44  25:05  Ravager x3  
  44  25:06  Roach, Ravager x2  
  59  25:07  Roach x8, Spore Crawler x2  
  59  25:10  Spore Crawler  
  59  25:11  Spore Crawler  
  61  25:15  Spore Crawler  
  60  25:28  Ravager x5  
  61  25:29  Ravager x4  
  69  25:37  Drone x7  
  43  25:57  Roach x2  
  43  25:58  Roach  
Show
View Real Time Build Order
Export as new Build Order

MichyMoko Zerg 

Build Orders: Hatch First 

Get SALT Encoding   

  12  0:02  Drone  
  13  0:12  Overlord  
  13  0:19  Drone  
  14  0:31  Drone x2  
  14  0:35  Drone  
  17  1:00  Drone  
  18  1:09  Hatchery  
  17  1:12  Spawning Pool  
  16  1:20  Drone  
  17  1:26  Drone, Extractor  
  17  1:27  Drone  
  18  1:33  Drone  
  19  2:18  Zergling x4  
  19  2:20  Queen, Overlord  
  23  2:24  Queen  
  22  3:22  Zergling x4  
  22  3:23  Drone x2  
  26  3:29  Drone  
  26  3:30  Drone  
  28  3:34  Metabolic Boost  
  28  3:36  Drone x2  
  30  3:46  Zergling x4  
  32  3:49  Overlord  
  32  3:50  Drone x2  
  34  3:58  Queen  
  34  4:01  Overlord  
  36  4:11  Drone, Roach Warren  
  36  4:14  Drone  
  36  4:17  Drone  
  38  4:20  Drone  
  38  4:22  Drone  
  40  4:39  Zergling x10  
  40  4:40  Zergling x2  
  46  4:52  Zergling x4  
  48  4:53  Zergling x2  
  49  5:03  Zergling x2  
  49  5:04  Zergling x4  
  49  5:05  Overlord x2  
  52  5:07  Overlord  
  50  5:26  Zergling x2  
  50  5:27  Zergling x8  
  46  5:42  Roach x4  
  58  5:43  Roach x2  
  58  5:56  Extractor  
  58  5:57  Drone x2  
  59  6:05  Spine Crawler  
  59  6:06  Roach  
  59  6:07  Roach x5  
  51  6:29  Roach  
  51  6:30  Roach x3  
  56  6:46  Drone  
  57  6:47  Drone x3  
  57  6:53  Ravager  
  63  6:54  Ravager x3  
  63  6:56  Drone  
  59  8:08  Roach  
  59  8:09  Roach  
  63  8:19  Drone x2  
  65  8:20  Drone x3  
  68  8:28  Overlord x3  
  68  8:29  Overlord  
  68  8:31  Drone  
  68  8:32  Drone x7  
  76  8:43  Lair  
  76  9:03  Roach  
  76  9:04  Roach x4  
  86  9:10  Ravager  
  87  9:49  Spire  
  86  9:55  Extractor  
  86  9:57  Extractor  
  84  10:07  Drone  
  84  10:08  Drone x3  
  88  10:23  Hatchery  
  88  10:27  Glial Reconstitution  
  87  10:35  Drone x3  
  90  10:42  Infestation Pit  
  87  11:41  Hive  
  87  11:46  Roach  
  91  11:47  Roach x2  
  91  11:48  Zergling x8  
  91  11:49  Zergling x6  
  91  11:50  Overlord x2  
  100  11:59  Roach  
  100  12:00  Roach x7  
  114  12:02  Overlord x2  
  114  12:04  Overlord  
  114  12:08  Queen  
  114  12:12  Overseer  
  114  12:13  Overseer  
  116  12:19  Spore Crawler  
  116  12:21  Overseer  
  115  12:22  Spore Crawler  
  110  12:43  Corruptor x3  
  110  12:44  Corruptor  
  118  12:57  Drone x5  
  123  13:05  Greater Spire  
  123  13:08  Drone  
  118  13:37  Drone x7  
  118  13:38  Drone x2  
  122  13:52  Roach  
  122  13:53  Roach x3  
  114  14:16  Brood Lord x4  
  122  14:36  Corruptor x2  
  126  14:44  Hatchery  
  125  14:56  Corruptor x2  
  129  15:05  Extractor  
  129  15:06  Extractor  
  124  16:02  Queen  
  126  16:05  Corruptor  
  126  16:06  Corruptor x3  
  126  16:09  Brood Lord  
  116  16:58  Corruptor x3  
  122  17:06  Corruptor  
  122  17:08  Roach  
  126  17:10  Zergling x8  
  126  17:11  Zergling x16  
  129  18:24  Corruptor x2  
  129  18:25  Corruptor  
  135  18:31  Brood Lord  
  134  19:07  Corruptor  
  134  19:09  Overlord  
  136  19:10  Overlord x4  
  136  19:15  Mutalisk  
  136  19:16  Mutalisk  
  137  19:33  Brood Lord  
  132  20:01  Mutalisk  
  132  20:02  Mutalisk x8  
  126  20:17  Mutalisk  
  106  20:42  Mutalisk x3  
  93  20:48  Corruptor  
  95  21:07  Hatchery  
  95  21:10  Corruptor x2  
  98  21:33  Zergling x2  
  98  21:34  Roach  
  98  21:35  Roach x7  
  115  21:58  Evolution Chamber  
  115  22:01  Zerg Flyer Armor Level 1, Evolution Chamber  
  113  22:03  Corruptor  
  105  22:31  Zergling x6  
  105  22:32  Zergling x22  
  112  23:03  Queen  
  114  23:10  Drone x2  
  114  23:11  Drone  
  117  23:13  Roach  
  117  23:14  Roach x9  
  117  23:15  Extractor  
  136  23:27  Drone x2  
  136  23:28  Drone x2  
  118  24:00  Mutalisk  
  118  24:01  Mutalisk x6  
  118  24:02  Mutalisk  
  65  24:19  Roach x3  
  63  24:41  Roach x4  
  63  24:45  Extractor  
Tags
 
Add a new tag
Caveats
  • Supply blocks, unpowered buildings, or Contaminate may cause inaccurate times.
  • Supply counts are checked every 10 seconds.